 Dungeon Sprint DCSS version 0.19.1 (webtiles) character file.

2403 dvd the Cleaver (level 9, -3/92 HPs)
             Began as a Minotaur Fighter on Dec 22, 2016.
             Was an Initiate of Trog.
             Slain by an unseen horror (5 damage)
             ... in the Dungeon (Sprint II: "The Violet Keep of Menkaure").
             The game lasted 00:06:10 (776 turns).

dvd the Cleaver (Minotaur Fighter)                   Turns: 776, Time: 00:06:10

Health: -3/92      AC: 10    Str: 30    XL:     9   Next: 23%
Magic:  8/8        EV: 12    Int:  7    God:    Trog [......]
Gold:   104        SH: 13    Dex: 12    Spells: 0 memorised, 8 levels left

rFire  . . .     SeeInvis .     a - +0 war axe
rCold  . . .     Gourm    .     l - +3 ring mail of Doedumah {rPois rN+ Int+2}
rNeg   + . .     Faith    .     c - +0 shield
rPois  +         Spirit   .     (helmet restricted)
rElec  .         Reflect  .     (no cloak)
rCorr  .         Harm     .     (no gloves)
MR     +....     NoTele   +     (no boots)
Stlth  +.........               (no amulet)
                                (no ring)
                                j - ring of Goxugasch {Wiz Str+3 Slay+3}

@: mighty
A: retaliatory headbutt, horns 2, magic resistance 1
a: Burn Spellbooks, Renounce Religion


You were in the Dungeon.
You worshipped Trog.
Trog was noncommittal.
You were not hungry.

You visited 1 branch You collected 1053 gold pieces.
You spent 949 gold pieces at shops.

Inventory:

Hand Weapons
 a - a +0 war axe (weapon)
Armour
 b - a +0 scale mail
 c - a +0 shield (worn)
 l - the +3 ring mail of Doedumah (worn) {rPois rN+ Int+2}
   (You bought it in a shop in the Dungeon)

   It affects your intelligence (+2).
   It protects you from poison.
   It protects you from negative energy.
Jewellery
 j - the ring of Goxugasch (left hand) {Wiz Str+3 Slay+3}
   (You bought it in a shop in the Dungeon)

   [ring of wizardry]

   It improves your spell success rate.
   It affects your strength (+3).
   It affects your accuracy and damage with ranged weapons and melee attacks
   (+3).
Scrolls
 k - a scroll of blinking
Potions
 h - a potion of haste
 i - 2 potions of magic
Comestibles
 f - a bread ration
 m - 6 chunks of flesh


   Skills:
 + Level 12.8 Fighting
 + Level 13.9 Axes
 + Level 11.5 Armour
 + Level 4.1 Dodging
 + Level 1.0 Stealth
 + Level 11.9 Shields


You had 8 spell levels left.
You didn't know any spells.

Dungeon Overview and Level Annotations

Branches:
Dungeon (1/1)

Altars:
Cheibriados
Dithmenos
Elyvilon
Fedhas
Gozag
Hepliaklqana
Kikubaaqudgha
Makhleb
Nemelex Xobeh
Okawaru
Qazlal
Ru
Sif Muna
Trog
Uskayaw
Vehumet
Xom
Yredelemnul
Zin
The Shining One
Beogh
Jiyva
Lugonu

Shops:
D *!:==?![%(}*![:*

Annotations:
D exclusion: oklob plant


Innate Abilities, Weirdness & Mutations

You reflexively headbutt those who attack you in melee.
You have a pair of horns on your head.
You are resistant to hostile enchantments. (MR+)


Message History

You hit something but do no damage. You hit something.
Something hits you but does no damage. x3
You slash something! You hit something. Something hits you.
* * * LOW HITPOINT WARNING * * *
Something hits you!
* * * LOW HITPOINT WARNING * * *
Unknown command.
Something hits you but does no damage. Something hits you.
* * * LOW HITPOINT WARNING * * *
Unknown command.
You feel better. Something barely misses you.
Unknown command.
You feel very mighty all of a sudden. Something hits you but does no damage.
Something completely misses you. Something hits you!
* * * LOW HITPOINT WARNING * * *
Unknown command.
You block something's attack.
You miss something. Something hits you.
You die... ## ...### ≈## ....# ≈≈#++ ...# ≈≈... .. ..# ≈≈≈.##+##.. #.# ≈≈≈##.#.##.#### +.### ≈≈≈#.###.# ...# #...#### ≈####.#.####..#####..##.# ?%! ##.###'###.##..#@$'..#..# $?![

#...##.##...#..#!.#.^#..#▓!!)$?
'##.'.<.÷##.'..####..##.#▓?!$$)
#.####.##...#....###...##▓▓▓▓▓▓
##.###'###.##......≈≈≈≈≈≈≈≈≈≈≈≈
≈####...####≈§.....≈#)########+#
≈≈≈#.##..#≈≈≈≈≈≈≈..≈#.._.....#§§
+#≈##.####≈≈≈≈≈≈≈≈.≈#._._....#§≈
≈≈##+ #≈≈≈≈≈≈§≈≈≈≈#_._._...#§§


There were no monsters in sight!

Vanquished Creatures
  A yaktaur (D)
  3 polar bears (D)
  A hornet (D)
  2 hippogriffs (D)
  4 neqoxecs (D)
  Menkaure (D)
  4 necrophages (D)
  3 worms (D)
19 creatures vanquished.

Vanquished Creatures (others)
  A crocodile (D)
1 creature vanquished.

Grand Total: 20 creatures vanquished

Notes
Turn   | Place    | Note
-------+----------+-------------------------------------------
     0 | D        | dvd the Minotaur Fighter began the quest for the Orb.
     0 | D        | Reached XP level 1. HP: 19/19 MP: 0/0
    15 | D        | Killed a crocodile
    53 | D        | Noticed a hippogriff
    53 | D        | Noticed a hippogriff
    58 | D        | Killed a hippogriff
    58 | D        | Reached skill level 6 in Axes
    58 | D        | Reached XP level 2. HP: 26/35 MP: 1/1
    58 | D        | Reached XP level 3. HP: 30/40 MP: 2/2
    58 | D        | Reached XP level 4. HP: 36/48 MP: 3/3
    58 | D        | Reached XP level 5. HP: 40/53 MP: 4/4
    63 | D        | Killed a hippogriff
    63 | D        | Reached skill level 7 in Axes
    63 | D        | Reached XP level 6. HP: 31/64 MP: 5/5
   281 | D        | Noticed a neqoxec
   281 | D        | Noticed a neqoxec
   281 | D        | Noticed a neqoxec
   281 | D        | Noticed a neqoxec
   287 | D        | Killed a neqoxec
   287 | D        | Reached skill level 10 in Fighting
   287 | D        | Reached skill level 8 in Axes
   287 | D        | Reached skill level 10 in Armour
   287 | D        | Reached skill level 1 in Dodging
   299 | D        | Killed a neqoxec
   299 | D        | Reached skill level 9 in Axes
   299 | D        | Reached XP level 7. HP: 59/73 MP: 6/6
   303 | D        | Lost intelligence.
   307 | D        | Gained mutation: You are resistant to hostile enchantments. (MR+) [a neqoxec]
   316 | D        | Killed a neqoxec
   321 | D        | Killed a neqoxec
   321 | D        | Reached skill level 10 in Axes
   439 | D        | Reached skill level 11 in Axes
   439 | D        | Reached skill level 10 in Shields
   439 | D        | Reached XP level 8. HP: 77/82 MP: 7/7
   594 | D        | Found Qyamnoemig's Antique Weapon Emporium.
   594 | D        | Found Ocivet's Assorted Antiques.
   594 | D        | Found Rytuidd's Antique Armour Shoppe.
   594 | D        | Found Caediy Ceto's Antique Armour Emporium.
   594 | D        | Found Siraefoh's Food Shoppe.
   594 | D        | Found Hasadal's Assorted Antiques.
   594 | D        | Found Liwatearchu's Gadget Shoppe.
   594 | D        | Found Norchas's Distillery.
   594 | D        | Found Ikathuaz's Book Shoppe.
   600 | D        | Found Udopou's Distillery.
   600 | D        | Found Uxkial's Magic Scroll Emporium.
   602 | D        | Found Memeylu's Jewellery Emporium.
   602 | D        | Found Siamp's Jewellery Shoppe.
   602 | D        | Noticed Menkaure
   602 | D        | Noticed an oklob plant
   603 | D        | Found Mitedas's Distillery.
   603 | D        | Found Cugaumil's Book Shoppe.
   603 | D        | Found Gumicoun's General Store.
   613 | D        | Killed Menkaure
   627 | D        | Noticed a slime creature
   629 | D        | Noticed a slime creature
   655 | D        | Bought the ring of Goxugasch {Wiz Str+3 Slay+3} for 670 gold pieces
   669 | D        | Bought an encrusted ring mail for 279 gold pieces
   679 | D        | Identified the +3 ring mail of Doedumah {rPois rN+ Int+2} (You bought it in a shop in the Dungeon)
   699 | D        | Found a stormy altar of Qazlal.
   700 | D        | Found a hazy altar of Hepliaklqana.
   700 | D        | Found a sacrificial altar of Ru.
   700 | D        | Found a shimmering altar of Xom.
   701 | D        | Found a roughly hewn altar of Beogh.
   701 | D        | Found a viscous altar of Jiyva.
   701 | D        | Found a deep blue altar of Sif Muna.
   701 | D        | Found a basalt altar of Yredelemnul.
   702 | D        | Found a snail-covered altar of Cheibriados.
   702 | D        | Found an ancient bone altar of Kikubaaqudgha.
   702 | D        | Found a bloodstained altar of Trog.
   703 | D        | Found a shadowy altar of Dithmenos.
   703 | D        | Found a corrupted altar of Lugonu.
   704 | D        | Found a white marble altar of Elyvilon.
   704 | D        | Found a burning altar of Makhleb.
   705 | D        | Found a blossoming altar of Fedhas.
   707 | D        | Noticed a polar bear
   707 | D        | Found an opulent altar of Gozag.
   707 | D        | Found a glowing silver altar of Zin.
   707 | D        | Found a hide-covered altar of Uskayaw.
   707 | D        | Found a sparkling altar of Nemelex Xobeh.
   707 | D        | Noticed a polar bear
   708 | D        | Noticed a polar bear
   708 | D        | Noticed a hornet
   708 | D        | Found a glowing golden altar of the Shining One.
   708 | D        | Found a radiant altar of Vehumet.
   708 | D        | Found an iron altar of Okawaru.
   708 | D        | Noticed a yaktaur
   715 | D        | Killed a polar bear
   715 | D        | Reached skill level 12 in Axes
   718 | D        | Killed a polar bear
   722 | D        | Killed a polar bear
   722 | D        | Reached skill level 13 in Axes
   725 | D        | Killed a hornet
   725 | D        | Reached XP level 9. HP: 51/90 MP: 8/8
   728 | D        | Killed a yaktaur
   728 | D        | Reached skill level 1 in Stealth
   739 | D        | Became a worshipper of Trog the Wrathful
   771 | D        | HP: 3/92 [something (8)]
   776 | D        | Slain by an unseen horror

Skill      XL: |  1  2  3  4  5  6  7  8  9 |
---------------+----------------------------+-----
Fighting       | 8 9 10 11 12 | 12.8
Armour         | 8 9 10 11 | 11.5
Shields        | 7 8 9 10 11 | 11.9
Axes           | 6 7 9 11 13 | 13.9
Dodging        | 1 2 4 |  4.1
Stealth        | 1 |  1.0

Action                   |  1- 3 |  4- 6 |  7- 9 || total
-------------------------+-------+-------+-------++-------
Melee: War axe           |     9 |    23 |    73 ||   105
       Headbutt          |     3 |     5 |    18 ||    26
  Use: Potion            |     1 |       |     3 ||     4
Armor: Scale mail        |     3 |    10 |    14 ||    27
       Ring mail         |       |       |    24 ||    24
Dodge: Dodged            |     2 |     7 |    25 ||    34
Block: Shield            |     3 |     9 |    45 ||    57
